 Dungeon Crawl Stone Soup version 0.30-a0-852-g08b95dd62f (webtiles) character file.

Game seed: 5170846517007524889

5910 Darius099 the Severer (level 10, -20/77 HPs)
             Began as a Minotaur Fighter on Mar 4, 2023.
             Was a High Priest of Okawaru.
             Demolished by a boulder beetle (33 damage)
             ... on level 8 of the Dungeon.
             The game lasted 00:12:00 (6994 turns).

Darius099 the Severer (Minotaur Fighter)            Turns: 6994, Time: 00:12:01

Health: -20/77     AC: 15    Str: 25    XL:     10   Next: 53%
Magic:  12/13      EV:  6    Int:  5    God:    Okawaru [*****.]
Gold:   597        SH:  9    Dex: 10    Spells: 9/9 levels left

rFire   . . .      SeeInvis .    a - +0 war axe
rCold   . . .      Faith    .    c - +0 buckler
rNeg    . . .      Spirit   .    z - +0 plate armour
rPois   .          Reflect  +    (helmet restricted)
rElec   .          Rampage  .    h - +2 cloak
rCorr   .                        (no gloves)
Will    .....                    E - +0 pair of boots Stlth
                                 n - amulet of reflection
HPRegen 0.32/turn                (no ring)
MPRegen 0.13/turn                (no ring)

@: no status effects
A: horns 2, retaliatory headbutt
a: Renounce Religion, Heroism, Finesse, Duel


You were on level 8 of the Dungeon.
You worshipped Okawaru.
Okawaru was extremely pleased with you.
You visited 2 branches of the dungeon, and saw 9 of its levels.

You collected 597 gold pieces.

Inventory:

Hand Weapons
 a - a +0 war axe (weapon)
Missiles
 G - 23 stones (quivered)
 I - 38 poisoned darts
Armour
 c - a +0 buckler (worn)
 h - a +2 cloak (worn)
 z - a +0 plate armour (worn)
 E - a +0 pair of boots (worn)
Jewellery
 n - an amulet of reflection (around neck)
 H - a ring of willpower
 J - a +6 ring of strength
Wands
 o - a wand of paralysis (7)
 p - a wand of roots (8)
 A - a wand of flame (40)
Scrolls
 f - 3 scrolls of silence {unknown}
 g - 3 scrolls of poison {unknown}
 k - 2 scrolls of brand weapon {unknown}
 q - 3 scrolls of noise {unknown}
 r - 3 scrolls of vulnerability {unknown}
 t - 7 scrolls of identify {unknown}
 w - 3 scrolls of teleportation {unknown}
 y - a scroll of fear {unknown}
 B - 2 scrolls of butterflies {unknown}
 D - a scroll of torment {unknown}
Potions
 b - 2 potions of cancellation {unknown}
 d - 2 potions of might
 e - 3 potions of resistance {unknown}
 i - 2 potions of degeneration {unknown}
 j - 4 potions of curing {unknown}
 l - 3 potions of haste {unknown}
 m - 2 potions of mutation {unknown}
 s - 2 potions of attraction {unknown}
 u - 2 potions of flight {unknown}
 v - 2 potions of magic {unknown}
 x - 3 potions of heal wounds {unknown}
 C - 2 potions of invisibility {unknown}
 F - a potion of lignification {unknown}


   Skills:
 - Level 3.6 Fighting
 - Level 16.0 Axes
 + Level 5.7 Throwing
 - Level 3.6 Armour
 - Level 3.6 Shields
 + Level 5.7 Invocations


You had 9 spell levels left.
You didn't know any spells.
Your spell library contained the following spells:

 Spells                   Type           Power      Damage    Failure   Level
 Hailstorm                Conj/Ice       0%         3d3       100%        3
 Vampiric Draining        Necr           0%         2d6       100%        3
 Ice Form                 Ice/Tmut       0%         N/A       100%        4
 Blade Hands              Tmut           0%         N/A       100%        5
 Irradiate                Conj/Tmut      0%         3d11      100%        5
 Dragon Form              Tmut           0%         N/A       100%        7
 Death's Door             Necr           0%         N/A       100%        9
 Simulacrum               Ice/Necr       Unusable   N/A       N/A         6
 Infestation              Necr           Unusable   N/A       N/A         8

Dungeon Overview and Level Annotations

Branches:
Dungeon (8/15)             Temple (1/1) D:4
   Lair: D:8-11

Altars:
Ashenzari
Dithmenos
Elyvilon
Fedhas
Gozag
Hepliaklqana
Kikubaaqudgha
Nemelex Xobeh
Okawaru
Qazlal
Ru
Sif Muna
Trog
Vehumet
Wu Jian
Xom
Yredelemnul
Zin
The Shining One

Shops:
D:6 *


Innate Abilities, Weirdness & Mutations

You have a pair of horns on your head.
You reflexively headbutt those who attack you in melee.


Message History

The arrow hits the centaur!
The centaur shoots an arrow.
The arrow hits you.
The centaur shoots an arrow.
The arrow hits you.
The centaur unwields a +0 shortbow.
You block the centaur's attack. x2
You hit the centaur.
You headbutt the centaur, but do no damage.
The centaur is almost dead.
The centaur closely misses you. You block the centaur's attack.
You barely miss the centaur. Your headbutt misses the centaur.
The centaur is almost dead.
You block the centaur's attack. The centaur kicks you.
You slash the centaur!
You kill the centaur!
Okawaru accepts your kill.
You slash the cyclops!
The cyclops is moderately wounded.
The cyclops hits you!
You slash the cyclops!
The cyclops is heavily wounded.
You slash the cyclops! Your headbutt misses the cyclops.
The cyclops is severely wounded.
The cyclops hits you!!
* * * LOW HITPOINT WARNING * * *
The boulder beetle curls into a ball and begins rolling!
You hit the cyclops but do no damage.
The cyclops is severely wounded.
You hit the cyclops.
You headbutt the cyclops, but do no damage.
The cyclops is almost dead.
The cyclops hits you!
* * * LOW HITPOINT WARNING * * *
You barely miss the cyclops.
The cyclops is almost dead.
You slash the cyclops!
You kill the cyclops!
Okawaru accepts your kill.
You slash the boulder beetle!
The boulder beetle is lightly wounded.
The boulder beetle hits you!!
You die...

#...####.#.##$B..$##...[...######
##..# #<.Cc##'''##.............#
#..# ##.#.....................#
#..# ##.##)............#......#
#..####..<.....°........#......#
#..##........#[°[.......#......#
#..##...######.°........#......#
#..#..#.######.B.........).....#
##..#...........@.[...<.........#
..#......######...).......).....#
.....................)...))######
.......#.######.##....)###))####
......................)[[......##
.......####....()...#.#####......
.......##...#.......#..# #......
..#.......##.........#.##########
..#<.....###.........#....#


You could see a boulder beetle (rolling).

Vanquished Creatures
  A centaur warrior (D:8)
  A two-headed ogre (D:8)
  The ghost of zenocrate the Insei, a novice OpTm of Qazlal (D:8)
  A cyclops (D:8)
  Maurice (D:8)
  A komodo dragon (D:7)
  Eustachio (D:6)
  2 wraiths
  2 steam dragons
  2 water moccasins (D:7)
  Pargi (D:3)
  2 sky beasts
  A black bear (D:4)
  2 centaurs
  A phantom (D:5)
  4 kobold brigands (D:8)
  A gnoll sergeant (D:8)
  A scorpion (D:6)
  5 wights (D:8)
  6 jellies
  5 hounds
  A gnoll bouda (D:8)
  4 orc priests
  A sleepcap (D:6)
  4 iguanas
  7 orc wizards
  10 gnolls (D:8)
  11 adders
  2 shadow imps
  3 white imps
  3 worms
  2 dart slugs
  21 orcs
  7 endoplasms
  2 giant cockroaches
  6 goblins
  9 hobgoblins
  5 jackals (D:3)
  7 quokkas
  10 ball pythons
  4 bats
  6 frilled lizards
  27 kobolds
  9 rats
203 creatures vanquished.

Vanquished Creatures (others)
  A shadow imp (D:7)
1 creature vanquished.

Grand Total: 204 creatures vanquished

Notes
Turn   | Place    | Note
-------+----------+-------------------------------------------
     0 | D:1      | Darius099 the Minotaur Fighter began the quest for the Orb.
     0 | D:1      | Reached XP level 1. HP: 19/19 MP: 0/0
   110 | D:1      | Reached skill level 3 in Axes
   152 | D:1      | Reached XP level 2. HP: 26/26 MP: 1/1
   343 | D:1      | Reached skill level 4 in Axes
   741 | D:2      | Reached XP level 3. HP: 31/31 MP: 2/2
   786 | D:2      | Got Kikubaaqudgha's Verses on Corpses
   974 | D:2      | Reached skill level 5 in Axes
  1059 | D:2      | Found a faded altar of an unknown god.
  1127 | D:2      | Reached XP level 4. HP: 39/39 MP: 3/3
  1209 | D:3      | Reached skill level 6 in Axes
  1298 | D:3      | Found an ancient bone altar of Kikubaaqudgha.
  1372 | D:3      | Reached XP level 5. HP: 45/45 MP: 4/4
  1461 | D:3      | Noticed Pargi
  1470 | D:3      | Killed Pargi
  1471 | D:3      | Reached skill level 7 in Axes
  1762 | D:3      | Reached XP level 6. HP: 51/51 MP: 5/5
  1876 | D:4      | Found a staircase to the Ecumenical Temple.
  1907 | Temple   | Entered the Ecumenical Temple
  1926 | Temple   | Became a worshipper of Warmaster Okawaru
  2073 | D:4      | Reached skill level 8 in Axes
  2420 | D:4      | Reached skill level 9 in Axes
  2679 | D:4      | Identified the amulet "Xanirphym" {rElec Regen+ Str-4
                  | Stlth+}
  2924 | D:5      | Entered Level 5 of the Dungeon
  2948 | D:5      | Reached XP level 7. HP: 24/57 MP: 6/6
  3422 | D:5      | Reached skill level 10 in Axes
  3577 | D:5      | Found a blossoming altar of Fedhas.
  3586 | D:5      | Reached * piety under Okawaru
  3920 | D:6      | Found Gozag's Platinum Reserve.
  3989 | D:6      | Noticed Eustachio
  4000 | D:6      | Reached skill level 11 in Axes
  4005 | D:6      | Reached XP level 8. HP: 33/64 MP: 7/7
  4011 | D:6      | Killed Eustachio
  4131 | D:6      | Reached ** piety under Okawaru
  4132 | D:6      | Reached skill level 12 in Axes
  4338 | D:6      | Reached skill level 13 in Axes
  4421 | D:6      | Found an opulent altar of Gozag.
  4625 | D:6      | Found a shimmering blue altar of Sif Muna.
  4630 | D:6      | Found a radiant altar of Vehumet.
  4633 | D:6      | Found a sacrificial altar of Ru.
  4633 | D:6      | Found a basalt altar of Yredelemnul.
  4640 | D:6      | Found a shimmering altar of Xom.
  4847 | D:7      | Reached skill level 14 in Axes
  4847 | D:7      | Reached XP level 9. HP: 42/70 MP: 8/8
  5005 | D:7      | Reached *** piety under Okawaru
  5221 | D:7      | Noticed a komodo dragon
  5230 | D:7      | Killed a komodo dragon
  5543 | D:8      | Noticed a two-headed ogre
  5543 | D:8      | Found a runed translucent gate.
  5543 | D:8      | Found a runed translucent gate.
  5552 | D:8      | Killed a two-headed ogre
  5552 | D:8      | Reached **** piety under Okawaru
  5553 | D:8      | Reached skill level 15 in Axes
  5673 | D:8      | Reached skill level 16 in Axes
  5704 | D:8      | Reached skill level 1 in Throwing
  5704 | D:8      | Reached skill level 1 in Invocations
  5917 | D:8      | Found a runed translucent gate.
  5919 | D:8      | Found an opulent altar of Gozag.
  5923 | D:8      | Noticed a cyclops
  5923 | D:8      | Noticed zenocrate's ghost (novice OpTm)
  5923 | D:8      | Noticed a centaur warrior
  5924 | D:8      | Noticed a boulder beetle
  6240 | D:8      | Reached XP level 10. HP: 71/77 MP: 11/11
  6328 | D:8      | Noticed Maurice
  6349 | D:8      | Killed Maurice
  6734 | D:8      | Killed a centaur warrior
  6734 | D:8      | Reached ***** piety under Okawaru
  6739 | D:8      | Killed zenocrate's ghost
  6740 | D:8      | Reached skill level 5 in Throwing
  6740 | D:8      | Reached skill level 5 in Invocations
  6993 | D:8      | Killed a cyclops
  6994 | D:8      | Demolished by a boulder beetle

Illustrated notes

Levels and vault maps discovered:
D:1:      dpeg_arrival_line_fractal, layout_basic
D:2:      layout_rooms, shapermc_ecumenical_altar_ellora, solitary_fountain,
          minmay_heptomino_d4
D:3:      layout_loops_ring, mainiacjoe_overflow_surrounded_room, uniq_pargi
D:4:      layout_layer_cave, minmay_temple_entry_water_ring
D:5:      layout_basic, fedhas_bush_and_centaur_altar
D:6:      cheibrodos_iron_armory, layout_cave_pools,
          nicolae_overflow_hallway_of_the_gods, nicolae_gozag_zags_fifth_avenue,
          uniq_eustachio
D:7:      layout_rooms, serial_park_tiny_2
D:8:      layout_rooms, ebering_ghost_gozag, nrook_loot_triangle,
          ebering_dispersal_statue_hall, uniq_maurice
Temple:   nicolae_temple_ecumenical_triangle

Skill      XL: |  1  2  3  4  5  6  7  8  9 10 |
---------------+-------------------------------+-----
Axes           | 3 4 5 6 7 9 11 14 16 | 16.0
Throwing       | 3 5 |  5.7
Invocations    | 3 5 |  5.7
Fighting       | |  3.6
Armour         | |  3.6
Shields        | |  3.6

Action                     |  1- 3 |  4- 6 |  7- 9 | 10-12 || total
---------------------------+-------+-------+-------+-------++-------
  Melee: War axe           |    82 |   130 |   261 |    60 ||   533
         Headbutt          |    10 |    28 |    40 |    12 ||    90
 Invoke: Heroism           |       |       |     1 |       ||     1
 Armour: Scale mail        |    33 |    32 |       |       ||    65
         Plate armour      |       |    30 |   107 |    22 ||   159
  Dodge: Dodged            |    38 |    36 |    52 |    10 ||   136
  Block: Buckler           |    22 |    61 |   109 |    18 ||   210
         Reflection        |       |       |     8 |     5 ||    13

Table legend: (Time is in decaauts)
 A = Elapsed time spent in this place.
 B = Non-inter-level travel time spent in this place.
 C = Inter-level travel time spent in this place.
 D = Time resting spent in this place.
 E = Time spent auto-exploring this place.
 F = Levels seen in this place.
 G = Mean time per level.
                   A        B        C        D        E       F      G
               +--------+--------+--------+--------+--------+-----+--------+
         Total |   7007 |   6850 |    157 |   1158 |   4284 |   9 |  778.6 |
       Dungeon |   6977 |   6820 |    157 |   1158 |   4273 |   8 |  872.1 |
        Temple |     29 |     29 |      0 |      0 |     11 |   1 |   29.0 |
               +--------+--------+--------+--------+--------+-----+--------+

Top non-repeatable levels by time:
     D:8: 1193 daAuts
     D:7: 1069 daAuts
     D:4: 1034 daAuts
     D:5: 971 daAuts
     D:6: 798 daAuts
     D:1: 703 daAuts
     D:3: 694 daAuts
     D:2: 513 daAuts
  Temple: 29 daAuts
